 Dungeon Crawl Stone Soup version 0.21.0-3-g78d12a8 (webtiles) character file.

97 Ghouzt the Skirmisher (level 4, -8/40 HPs)
             Began as a Hill Orc Fighter on Jan 8, 2018.
             Mangled by Crazy Yiuf
             ... wielding a +3 quarterstaff of chaos
              (20 damage)
             ... on level 2 of the Dungeon.
             The game lasted 00:03:44 (1728 turns).

Ghouzt the Skirmisher (Hill Orc Fighter)            Turns: 1728, Time: 00:03:47

Health: -8/40      AC:  7    Str: 19    XL:     4   Next: 68%
Magic:  4/4        EV:  7    Int:  8    God:
Gold:   108        SH:  9    Dex: 10    Spells: 3/3 levels left

rFire    . . .     SeeInvis .   a - +0 war axe
rCold    . . .     Gourm    .   c - +0 shield
rNeg     . . .     Faith    .   b - +0 scale mail
rPois    .         Spirit   .   (no helmet)
rElec    .         Reflect  .   (no cloak)
rCorr    .         Harm     .   (no gloves)
MR       .....                  (no boots)
Stlth    ..........             (no amulet)
HPRegen  0.13/turn              (no ring)
MPRegen  0.09/turn              (no ring)

@: very slightly contaminated, drained, invisible
A: no striking features
a: no special abilities


You were on level 2 of the Dungeon.
You were hungry.

You visited 1 branch of the dungeon, and saw 2 of its levels.

You collected 108 gold pieces.

Inventory:

Hand Weapons
 a - a +0 war axe (weapon)
Armour
 b - a +0 scale mail (worn)
 c - a +0 shield (worn)
Jewellery
 n - a cursed -3 ring of intelligence {unknown}
Scrolls
 i - a scroll of enchant weapon {unknown}
 j - 2 scrolls of blinking {unknown}
 m - a scroll of remove curse {unknown}
 o - 2 scrolls of teleportation {unknown}
 p - a scroll of identify {unknown}
 q - a scroll of immolation {unknown}
Potions
 d - a potion of might
 e - 2 potions of curing {unknown}
 h - 2 potions of invisibility {unknown}
 k - a potion of berserk rage {unknown}
 l - a potion of heal wounds {unknown}
Comestibles
 f - 2 rations


   Skills:
 + Level 4.2(3.9) Fighting
 + Level 4.0(3.7) Axes
 + Level 4.0(3.8) Armour
 + Level 4.1(3.9) Shields


You had 3 spell levels left.
You didn't know any spells.

Dungeon Overview and Level Annotations

Branches:
Dungeon (2/15)

Altars:

Annotations:
D:2 Crazy Yiuf


Message History

Crazy Yiuf hits you with a quarterstaff of chaos!
You fade into invisibility!
You are very lightly contaminated with residual magic.
Crazy Yiuf screams, "Prologue!
Whiteboard toodlewoodle poople."
Crazy Yiuf zaps a wand.
The puff of flame hits you!
It is a wand of flame (2).
You closely miss Crazy Yiuf.
Crazy Yiuf is heavily wounded.
Crazy Yiuf hits you with a quarterstaff of chaos.
Crazy Yiuf draws strength from your wounds!
You slash Crazy Yiuf!
Crazy Yiuf is almost dead.
Crazy Yiuf hits you but does no damage.
You barely miss Crazy Yiuf.
Crazy Yiuf is almost dead.
You block Crazy Yiuf's attack.
Crazy Yiuf hits you with a quarterstaff of chaos!
* * * LOW HITPOINT WARNING * * *
You are electrocuted!
Ouch! That really hurt!
You die...

#....#
#####
#.#
♣....♣
#.#
♣...♣♣
######.#
♣♣.♣♣
#.......
♣.♣♣
#.####.#
♣♣.♣ #.#
#.# ♣.♣♣
#.# #.#
♣♣.♣
#####.#
#.# #@#
#..##.#
#.#
#.g.#
##.##.#
#.#
#...#
#.##.#
#.#
#..)#
#.##.#
#.#
#####
#.##.#
#.#
#....#
#.#
######
#.# #.#
#.#


You could see Crazy Yiuf.

Vanquished Creatures
  Natasha (twice) (D:2)
  An ooze (D:2)
  A worm (D:2)
  2 leopard geckos (D:1)
  3 ball pythons
  5 bats (D:1)
  2 giant cockroaches
  4 goblins (D:1)
  3 hobgoblins
  3 kobolds
  2 quokkas (D:2)
  3 frilled lizards (D:1)
  7 rats
38 creatures vanquished.

Notes
Turn   | Place    | Note
-------+----------+-------------------------------------------
     0 | D:1      | Ghouzt the Hill Orc Fighter began the quest for the Orb.
     0 | D:1      | Reached XP level 1. HP: 19/19 MP: 1/1
    81 | D:1      | Reached XP level 2. HP: 18/27 MP: 2/2
   357 | D:1      | Reached XP level 3. HP: 32/33 MP: 3/3
  1391 | D:2      | Found a runed door.
  1492 | D:2      | Noticed Natasha
  1497 | D:2      | Killed Natasha
  1497 | D:2      | Reached XP level 4. HP: 31/40 MP: 4/4
  1573 | D:2      | Noticed Natasha
  1581 | D:2      | Killed Natasha
  1722 | D:2      | Noticed Crazy Yiuf
  1728 | D:2      | Mangled by Crazy Yiuf

Skill      XL: |  1  2  3  4 |
---------------+-------------+-----
Fighting       | 4 |  4.2
Axes           | 3 4 |  4.0
Shields        | 4 |  4.1
Armour         | 4 |  4.0

Action                   |  1- 3 |  4- 6 || total
-------------------------+-------+-------++-------
Melee: War axe           |   118 |    10 ||   128
  Eat: Chunk             |     2 |       ||     2
Armor: Scale mail        |    61 |     1 ||    62
Dodge: Dodged            |    45 |     1 ||    46
Block: Shield            |    73 |     3 ||    76
